 Dungeon Crawl Stone Soup version 0.31-a0-161-gb58dd9be76 (webtiles) character file.

Game seed: 11989379997262337231

784 qw the Chopper (level 7, -5/44 HPs)
             Began as a Gargoyle Fighter on June 12, 2023.
             Slain by a yak (10 damage)
             ... on level 7 of the Dungeon.
             The game lasted 00:02:39 (3669 turns).

qw the Chopper (Gargoyle Fighter)                   Turns: 3669, Time: 00:02:40

Health: -5/44      AC: 15    Str: 21    XL:     7   Next: 86%
Magic:  0/7        EV:  8    Int:  9    God:
Gold:   210        SH:  4    Dex:  9    Spells: 6/6 levels left

rFire   . . .        p - +0 war axe
rCold   + . .        c - +0 buckler
rNeg    + . .        q - +0 chain mail
rPois   inf          h - +0 helmet
rElec   +            (no cloak)
rCorr   +            (no gloves)
SInv    .            (no boots)
Will    .....        i - amulet of guardian spirit Stlth
                     m - ring of protection from cold
HPRegen 0.27/turn    b - ring of resist corrosion
MPRegen 0.10/turn

%: guardian spirit
@: no status effects
A: sickness immunity, AC +4, negative energy resistance 1, electricity
resistance, torment resistance 1, petrification resistance
a: no special abilities


You were on level 7 of the Dungeon.
You visited 1 branch of the dungeon, and saw 6 of its levels.

You collected 234 gold pieces.
You spent 24 gold pieces at shops.


Innate Abilities, Weirdness & Mutations

You are immune to sickness and miasma.
Your stone body is resilient. (AC +4)
You are immune to poison.
You resist negative energy. (rN+)
You are resistant to electric shocks. (rElec)
You are resistant to unholy torment.
You are immune to petrification.


   Skills:
 + Level 4.3 Fighting
 - Level 7.3 Axes
 - Level 3.2 Armour
 - Level 1.4 Dodging
 - Level 3.2 Shields


You had 6 spell levels left.
You didn't know any spells.
Your spell library was empty.

Inventory:

Hand Weapons
 a - a +0 flail
 p - a +0 war axe (weapon)
Armour
 c - a +0 buckler (worn)
 h - a +0 helmet (worn)
 q - a +0 chain mail (worn)
Jewellery
 b - a ring of resist corrosion (right hand)
 e - a ring of fire
 i - an amulet of guardian spirit (around neck)
 m - a ring of protection from cold (left hand)
 Y - a ring of positive energy
Scrolls
 k - 3 scrolls of silence {unknown}
 l - a scroll of identify
Potions
 d - 2 potions of might
 f - a potion of ambrosia {unknown}
 g - a potion of resistance {unknown}
 j - 2 potions of curing
 n - a potion of brilliance {unknown}
 o - a potion of cancellation {unknown}

Dungeon Overview and Level Annotations

Branches:
Dungeon (5/15)
 Temple: D:4-7

Altars:
Elyvilon
Sif Muna
Vehumet

Shops:
D:2 !   D:3 !:[*?   D:7 =


Message History

You hit the yak but do no damage.
The yak is heavily wounded.
The yak gores you but does no damage.
You slash the yak!
The yak is severely wounded.
The yak gores you!
You slash the yak!
The yak is almost dead.
The yak gores you but does no damage.
You barely miss the yak.
The yak is almost dead.
The yak gores you but does no damage.
You slash the yak!
You kill the yak!
Your Axes skill increases to level 7!
You hit the yak.
The yak is lightly wounded.
The yak gores you but does no damage. x2
You slash the yak!
The yak is moderately wounded.
The yak gores you but does no damage.
You barely miss the yak.
The yak is moderately wounded.
The yak gores you!
You slash the yak!
The yak is severely wounded.
The yak gores you.
You barely miss the yak.
The yak is severely wounded.
The yak gores you but does no damage.
You closely miss the yak.
The yak is severely wounded.
The yak gores you but does no damage.
You slash the yak!
The yak is almost dead.
The yak gores you.
You hit the yak.
You kill the yak!
The yak gores you!
You die...

#.# #.# #.# #.#
######### #.#
#........ #Y#
#........ #Y#
####........ #@#
#...........
#.#####...........
#.....'...........
#######....#######
#..\.# #....#
#....# #....#
#....#


You could see 2 yaks.

Vanquished Creatures
  3 yaks (D:7)
  2 scorpions (D:5)
  2 orc priests
  2 jellies (D:3)
  Jessica (D:2)
  3 orc wizards (D:4)
  A gnoll (D:1)
  A white imp (D:5)
  An ufetubus (D:5)
  4 worms
  3 dart slugs
  17 orcs
  11 endoplasms
  3 giant cockroaches
  11 hobgoblins
  3 jackals (D:1)
  8 kobolds
  3 quokkas
  4 ball pythons
  3 bats
  4 frilled lizards
  11 goblins
  13 rats
114 creatures vanquished.

Notes
Turn   | Place    | Note
-------+----------+-------------------------------------------
     0 | D:1      | qw the Gargoyle Fighter began the quest for the Orb.
     0 | D:1      | Reached XP level 1. HP: 14/14 MP: 1/1
     0 | D:1      | 0 ||| qw: Version: 0.2-a-29-gc1b59c4
     0 | D:1      | 0 ||| qw: Game counter: 4165
     0 | D:1      | 0 ||| qw: Always use a shield: true
     0 | D:1      | 0 ||| qw: God list: Okawaru
     0 | D:1      | 0 ||| qw: Allow faded altars: false
     0 | D:1      | 0 ||| qw: Do Orc after D:15 true
     0 | D:1      | 0 ||| qw: Do second Lair branch before Depths: true
     0 | D:1      | 0 ||| qw: Lair rune preference: random
     0 | D:1      | 0 ||| qw: Plans: Normal, Zot:1-4, Slime:5, God:TSO, Crypt,
                  | Tomb, Abyss, Pan, Hells, Win
     0 | D:1      | 0 ||| PLANNING D:1-11
    21 | D:1      | Reached skill level 2 in Axes
    60 | D:1      | 60 ||| Stepping ~*~*~tactically~*~*~ (hiding).
    61 | D:1      | 61 ||| Stepping ~*~*~tactically~*~*~ (hiding).
    62 | D:1      | 62 ||| Stepping ~*~*~tactically~*~*~ (hiding).
    63 | D:1      | 63 ||| Stepping ~*~*~tactically~*~*~ (hiding).
    65 | D:1      | 65 ||| Stepping ~*~*~tactically~*~*~ (hiding).
   168 | D:1      | Reached XP level 2. HP: 18/19 MP: 2/2
   207 | D:1      | Reached skill level 3 in Axes
   230 | D:1      | 230 ||| DROPPING +0 club.
   246 | D:1      | Reached XP level 3. HP: 22/23 MP: 3/3
   524 | D:1      | 524 ||| UPGRADING to +0 helmet.
   529 | D:1      | 529 ||| READING scroll labelled ELOLEBLAZIATZ.
   530 | D:1      | 530 ||| READING scroll labelled AFRYOK PU AZIUSASM.
   531 | D:1      | 531 ||| READING scroll labelled OMAOQI QEHOLLA.
   532 | D:1      | 532 ||| READING scroll labelled SYAXTA POSM.
   549 | D:2      | Noticed Jessica
   552 | D:2      | Reached skill level 4 in Axes
   552 | D:2      | Reached XP level 4. HP: 11/28 MP: 4/4
   557 | D:2      | HP: 5/28 [Jessica/nerve-wracking pain (5)]
   558 | D:2      | Killed Jessica
   670 | D:2      | 670 ||| DROPPING +0 mace.
  1022 | D:2      | Reached XP level 5. HP: 32/32 MP: 5/5
  1178 | D:2      | Found Caegh's Distillery.
  1184 | D:2      | 1184 ||| SHOPLISTING potion of attraction (30 gold, have
                  | 24).
  1184 | D:2      | 1184 ||| SHOPLISTING potion of curing (30 gold, have 24).
  1184 | D:2      | 1184 ||| SHOPLISTING potion of heal wounds (50 gold, have
                  | 24).
  1184 | D:2      | 1184 ||| SHOPLISTING potion of magic (80 gold, have 24).
  1251 | D:2      | 1251 ||| DROPPING +6 ring of intelligence.
  1252 | D:2      | 1252 ||| READING scroll labelled LIEPPE NEIG.
  1303 | D:3      | Found Gufici Juyze's Magic Scroll Boutique.
  1317 | D:3      | 1317 ||| BUYING scroll of identify (24 gold).
  1317 | D:3      | Bought a scroll of identify for 24 gold pieces
  1317 | D:3      | 1317 ||| SHOPLISTING scroll of identify (24 gold, have 0).
  1317 | D:3      | 1317 ||| SHOPLISTING scroll of teleportation (36 gold, have
                  | 0).
  1481 | D:3      | 1481 ||| Stepping ~*~*~tactically~*~*~ (stealth).
  1546 | D:3      | Found a white marble altar of Elyvilon.
  1605 | D:3      | Found Liomn's General Store.
  1613 | D:3      | 1613 ||| SHOPLISTING +2 crystal plate armour (920 gold,
                  | have 9).
  1613 | D:3      | 1613 ||| SHOPLISTING potion of heal wounds (50 gold, have
                  | 9).
  1613 | D:3      | 1613 ||| SHOPLISTING scroll of identify (20 gold, have 9).
  1619 | D:3      | Found Suoguyrr's Book Boutique.
  1649 | D:3      | Found Seovyom's Distillery.
  1665 | D:3      | 1665 ||| SHOPLISTING potion of attraction (39 gold, have
                  | 21).
  1665 | D:3      | 1665 ||| SHOPLISTING potion of heal wounds (65 gold, have
                  | 21).
  1665 | D:3      | 1665 ||| SHOPLISTING potion of might (52 gold, have 21).
  1730 | D:3      | Found Nuinlippiu's Armour Boutique.
  1733 | D:3      | 1733 ||| SHOPLISTING +0 chain mail (45 gold, have 41).
  1790 | D:3      | Found a radiant altar of Vehumet.
  1804 | D:3      | Found a shimmering blue altar of Sif Muna.
  1807 | D:3      | 1807 ||| UPGRADING to +0 chain mail.
  1809 | D:3      | 1809 ||| UPGRADING to +0 chain mail.
  1819 | D:3      | 1819 ||| DROPPING +0 scale mail.
  1836 | D:3      | 1836 ||| UPGRADING to amulet of guardian spirit.
  1894 | D:3      | 1894 ||| Stepping ~*~*~tactically~*~*~ (hiding).
  2016 | D:3      | Reached skill level 5 in Axes
  2073 | D:3      | 2073 ||| FLEEEEING.
  2075 | D:3      | 2075 ||| FLEEEEING.
  2076 | D:3      | 2076 ||| FLEEEEING.
  2077 | D:3      | 2077 ||| FLEEEEING.
  2078 | D:3      | 2078 ||| FLEEEEING.
  2079 | D:3      | 2079 ||| FLEEEEING.
  2082 | D:3      | 2082 ||| FLEEEEING.
  2083 | D:3      | 2083 ||| FLEEEEING.
  2084 | D:3      | 2084 ||| FLEEEEING.
  2085 | D:3      | 2085 ||| FLEEEEING.
  2086 | D:3      | 2086 ||| FLEEEEING.
  2087 | D:3      | 2087 ||| FLEEEEING.
  2088 | D:3      | 2088 ||| FLEEEEING.
  2089 | D:3      | 2089 ||| FLEEEEING.
  2090 | D:3      | 2090 ||| FLEEEEING.
  2091 | D:3      | 2091 ||| FLEEEEING.
  2092 | D:3      | 2092 ||| FLEEEEING.
  2093 | D:3      | 2093 ||| FLEEEEING.
  2095 | D:3      | 2095 ||| FLEEEEING.
  2096 | D:3      | 2096 ||| FLEEEEING.
  2097 | D:3      | 2097 ||| FLEEEEING.
  2098 | D:3      | 2098 ||| FLEEEEING.
  2099 | D:3      | 2099 ||| FLEEEEING.
  2100 | D:3      | 2100 ||| FLEEEEING.
  2101 | D:3      | 2101 ||| FLEEEEING.
  2102 | D:3      | 2102 ||| FLEEEEING.
  2103 | D:3      | 2103 ||| FLEEEEING.
  2104 | D:3      | 2104 ||| FLEEEEING.
  2105 | D:3      | 2105 ||| FLEEEEING.
  2106 | D:3      | 2106 ||| FLEEEEING.
  2107 | D:3      | 2107 ||| FLEEEEING.
  2108 | D:3      | 2108 ||| FLEEEEING.
  2109 | D:3      | 2109 ||| FLEEEEING.
  2110 | D:3      | 2110 ||| FLEEEEING.
  2111 | D:3      | 2111 ||| FLEEEEING.
  2119 | D:3      | Reached XP level 6. HP: 30/39 MP: 3/6
  2214 | D:3      | 2214 ||| DROPPING ring of flight.
  2215 | D:3      | 2215 ||| UPGRADING to ring of protection from cold.
  2216 | D:3      | 2216 ||| UPGRADING to ring of positive energy.
  2217 | D:3      | 2217 ||| DRINKING 4 golden potions.
  2523 | D:4      | 2523 ||| Stepping ~*~*~tactically~*~*~ (stealth).
  2526 | D:4      | 2526 ||| Stepping ~*~*~tactically~*~*~ (stealth).
  2529 | D:4      | 2529 ||| Stepping ~*~*~tactically~*~*~ (hiding).
  2533 | D:4      | 2533 ||| Stepping ~*~*~tactically~*~*~ (hiding).
  2534 | D:4      | 2534 ||| Stepping ~*~*~tactically~*~*~ (hiding).
  2539 | D:4      | 2539 ||| FLEEEEING.
  2540 | D:4      | 2540 ||| FLEEEEING.
  2541 | D:4      | 2541 ||| DRINKING 3 potions of curing.
  2541 | D:4      | 2541 ||| (to cure confusion)
  2543 | D:4      | 2543 ||| Stepping ~*~*~tactically~*~*~ (hiding).
  2545 | D:4      | 2545 ||| Stepping ~*~*~tactically~*~*~ (hiding).
  2653 | D:4      | 2653 ||| Stepping ~*~*~tactically~*~*~ (hiding).
  2725 | D:4      | 2725 ||| Stepping ~*~*~tactically~*~*~ (stealth).
  2726 | D:4      | 2726 ||| Stepping ~*~*~tactically~*~*~ (stealth).
  3124 | D:4      | 3124 ||| Stepping ~*~*~tactically~*~*~ (stealth).
  3233 | D:4      | 3233 ||| UPGRADING to ring of resist corrosion.
  3235 | D:4      | 3235 ||| READING 2 scrolls of identify.
  3235 | D:4      | 3235 ||| IDENTIFYING smoky coppery potion
  3236 | D:4      | 3236 ||| DROPPING potion of enlightenment.
  3279 | D:5      | Entered Level 5 of the Dungeon
  3390 | D:5      | Reached skill level 6 in Axes
  3411 | D:5      | 3411 ||| Stepping ~*~*~tactically~*~*~ (hiding).
  3543 | D:5      | Reached skill level 1 in Dodging
  3543 | D:5      | Reached XP level 7. HP: 41/44 MP: 5/7
  3614 | D:5      | You fall into a shaft and drop 2 floors!
  3614 | D:7      | Found Xofalepa's Jewellery Shoppe.
  3619 | D:7      | Upgraded the game from 0.31-a0-159-gadcf659a07 to
                  | 0.31-a0-161-gb58dd9be76
  3619 | D:7      | 3619 ||| PLANNING D:1-11
  3619 | D:7      | 3619 ||| SHOPLISTING +4 ring of protection (432 gold, have
                  | 210).
  3619 | D:7      | 3619 ||| SHOPLISTING +4 ring of slaying (936 gold, have
                  | 210).
  3619 | D:7      | 3619 ||| SHOPLISTING +5 ring of evasion (432 gold, have
                  | 210).
  3619 | D:7      | 3619 ||| SHOPLISTING +6 ring of dexterity (432 gold, have
                  | 210).
  3619 | D:7      | 3619 ||| SHOPLISTING +6 ring of strength (432 gold, have
                  | 210).
  3629 | D:7      | Noticed a yak
  3629 | D:7      | Noticed a yak
  3631 | D:7      | Noticed a yak
  3634 | D:7      | Noticed a yak
  3636 | D:7      | Noticed a yak
  3652 | D:7      | Killed a yak
  3661 | D:7      | Killed a yak
  3662 | D:7      | Reached skill level 7 in Axes
  3664 | D:7      | HP: 9/44 [yak (5)]
  3669 | D:7      | Killed a yak
  3669 | D:7      | Slain by a yak

Levels and vault maps discovered:
D:1:      tarquinn_simple_flora_water_a, layout_rooms
D:2:      layout_loops_ring, serial_shops, nicolae_shop_rolling_square,
          uniq_jessica
D:3:      cheibrodos_fertilizer, layout_basic, nicolae_elyvilon_temple_path,
          jmf_multi_god_temple, serial_shops, shop, shop, shop_fountains,
          nicolae_shop_behind_doors, shop_fountains
D:4:      layout_basic, minmay_misc_feat_rows
D:5:      layout_basic, serial_bayou_lagoon_b
D:7:      layout_basic, minmay_shop_enchanted_jewellery

Skill      XL: |  1  2  3  4  5  6  7 |
---------------+----------------------+-----
Axes           | 2 3 4 5 6 7 |  7.3
Fighting       | 4 |  4.3
Dodging        | 1 |  1.4
Armour         | |  3.2
Shields        | |  3.2

Action                     |  1- 3 |  4- 6 |  7- 9 || total
---------------------------+-------+-------+-------++-------
  Melee: War axe           |    74 |   194 |    38 ||   306
  Throw: Boomerang         |       |    56 |       ||    56
    Use: Scroll            |     4 |     2 |       ||     6
         Potion            |       |     2 |       ||     2
 Armour: Scale mail        |    43 |    37 |       ||    80
         Chain mail        |       |    67 |    22 ||    89
  Dodge: Dodged            |    38 |    44 |     9 ||    91
  Block: Buckler           |    18 |    28 |     4 ||    50

Table legend:
 A = Non-vault XP
 B = Vault XP
 C = Vault XP percentage of total XP
 D = Non-vault monster count
 E = Vault monster count
 F = Vault count percentage of total count
                 A         B        C        D         E       F
            +---------+---------+-------+---------+---------+-------
      Total |    1165 |     148 |  11.3 |      96 |      18 |  15.8
            +---------+---------+-------+---------+---------+-------
        D:1 |      55 |       0 |   0.0 |      26 |       0 |   0.0
        D:2 |      84 |      37 |  30.6 |      21 |       1 |   4.5
        D:3 |      47 |     111 |  70.3 |      21 |      17 |  44.7
        D:4 |     184 |       0 |   0.0 |      20 |       0 |   0.0
        D:5 |     187 |       0 |   0.0 |       5 |       0 |   0.0
        D:7 |     608 |       0 |   0.0 |       3 |       0 |   0.0
            +---------+---------+-------+---------+---------+-------
